 Dungeon Crawl Stone Soup version 0.19.1 (webtiles) character file.

401 Monsterracer the Basher (level 6, -5/63 HPs)
             Began as an Ogre Berserker on Dec 14, 2016.
             Was a Believer of Trog.
             Killed from afar by an orc wizard (6 damage)
             ... with a puff of flame
             ... on level 4 of the Dungeon.
             The game lasted 00:06:04 (3035 turns).

Monsterracer the Basher (Ogre Berserker)            Turns: 3035, Time: 00:06:05

Health: -5/63      AC:  3    Str: 23    XL:     6   Next: 85%
Magic:  6/6        EV:  7    Int:  6    God:    Trog [**....]
Gold:   111        SH:  7    Dex: 11    Spells: 0 memorised, 5 levels left

rFire  . . .     SeeInvis .     a - +0 mace
rCold  . . .     Gourm    .     b - +0 animal skin
rNeg   . . .     Faith    .     l - +0 shield
rPois  .         Spirit   .     (helmet restricted)
rElec  .         Reflect  .     (no cloak)
rCorr  .         Harm     .     (gloves unavailable)
MR     +....                    (boots unavailable)
Stlth  +.........               (no amulet)
                                (no ring)
                                (no ring)

@: exhausted, slowed, drained, very slow
A: unfitting armour, magic resistance 1, tough skin 1
a: Berserk, Trog's Hand, Burn Spellbooks, Renounce Religion


You were on level 4 of the Dungeon.
You worshipped Trog.
Trog was pleased with you.
You were near starving.

You visited 1 branch of the dungeon, and saw 4 of its levels.

You collected 111 gold pieces.

Inventory:

Hand Weapons
 a - a +0 mace (weapon)
Armour
 b - a +0 animal skin (worn)
 l - a +0 shield (worn)
Scrolls
 d - 2 scrolls of identify {unknown}
 h - a scroll of amnesia {unknown}
 i - 2 scrolls of remove curse {unknown}
 j - a scroll of enchant armour {unknown}
 k - a scroll of teleportation {unknown}
 n - a scroll of enchant weapon {unknown}
 o - a scroll of magic mapping {unknown}
 p - a scroll of fog {unknown}
 q - a scroll of noise {unknown}
Potions
 e - 2 potions of flight
Comestibles
 c - 3 bread rations
 f - 2 royal jellies
 g - 2 meat rations
 m - a slice of pizza


   Skills:
 + Level 4.4(3.8) Fighting
 * Level 9.6(8.9) Maces & Flails
 - Level 2.6(2.1) Dodging


You had 5 spell levels left.
You didn't know any spells.

Dungeon Overview and Level Annotations

Branches:
Dungeon (4/15)
 Temple: D:4-7

Altars:
Uskayaw


Innate Abilities, Weirdness & Mutations

You are too large for most types of armour.
You have tough skin. (AC +1)
You are resistant to hostile enchantments. (MR+)


Message History

You barely miss the leopard gecko. The adder skeleton barely misses you.
You block the leopard gecko's attack.
You bludgeon the leopard gecko!!
You kill the leopard gecko!
Trog accepts your kill. You block the adder skeleton's attack.
You bludgeon the orc priest!!
You kill the orc priest!
Trog accepts your kill. The adder skeleton bites you.
* * * LOW HITPOINT WARNING * * *
You completely miss the adder skeleton.
You are no longer berserk.
You are exhausted.
You feel yourself slow down. The adder skeleton bites you.
* * * LOW HITPOINT WARNING * * *
Your shield prevents you from hitting the orc wizard.
The orc wizard gestures at you while chanting.
The puff of flame hits you!
You die...

##....................
##....#####..........
##...# #..........
..## #...# #<.........
.....###.##
#..........
#.....######..........
####......########.##.
.#######.###..... .#
>..$...o@.# ### .
.......Z#.# .#
........#... .
........##### ..
........# ........#
......... ........#


You could see an orc wizard and an adder skeleton.

Vanquished Creatures
  The ghost of esteth the Chopper, an amateur HOAK of Lugonu (D:3)
  A hound (D:4)
  2 orc priests
  2 orc wizards (D:4)
  Terence (D:2)
  A worker ant (D:4)
  A dart slug (D:1)
  3 leopard geckos
  2 orcs (D:3)
  2 ball pythons (D:3)
  5 giant cockroaches
  8 hobgoblins
  10 bats
  5 frilled lizards
  6 goblins
  7 kobolds
  11 rats
68 creatures vanquished.

Notes
Turn   | Place    | Note
-------+----------+-------------------------------------------
     0 | D:1      | Monsterracer the Ogre Berserker began the quest for the Orb.
     0 | D:1      | Reached XP level 1. HP: 24/24 MP: 1/1
   260 | D:1      | Reached XP level 2. HP: 25/32 MP: 2/2
   464 | D:1      | Reached skill level 5 in Maces & Flails
   994 | D:1      | Reached XP level 3. HP: 33/39 MP: 3/3
  1352 | D:2      | Noticed a dagger
  1352 | D:2      | Noticed a dagger
  1355 | D:2      | Found a hide-covered altar of Uskayaw.
  1364 | D:2      | Noticed Terence
  1372 | D:2      | Killed Terence
  1372 | D:2      | Reached skill level 6 in Maces & Flails
  1375 | D:2      | Reached XP level 4. HP: 29/48 MP: 4/4
  1970 | D:3      | Reached ** piety under Trog
  2066 | D:3      | Gained mutation: You are resistant to hostile enchantments. (MR+) [potion of beneficial mutation]
  2173 | D:3      | Noticed esteth's ghost (amateur HOAK)
  2184 | D:3      | Killed esteth's ghost
  2184 | D:3      | Reached skill level 8 in Maces & Flails
  2184 | D:3      | Reached XP level 5. HP: 26/54 MP: 5/5
  2584 | D:3      | Reached XP level 6. HP: 62/62 MP: 6/6
  2879 | D:4      | Reached skill level 9 in Maces & Flails
  3034 | D:4      | HP: 1/63 [adder skeleton (4)]
  3035 | D:4      | Killed from afar by an orc wizard

Skill      XL: |  1  2  3  4  5  6 |
---------------+-------------------+-----
Maces & Flails | 5 6 8 9 |  9.6
Fighting       | |  4.4
Dodging        | |  2.6

Action                   |  1- 3 |  4- 6 || total
-------------------------+-------+-------++-------
Melee: Mace              |   101 |   122 ||   223
Invok: Berserk           |       |     2 ||     2
  Use: Potion            |     4 |     2 ||     6
 Stab: Sleeping          |     1 |     1 ||     2
  Eat: Chunk             |     1 |     6 ||     7
Armor: Animal skin       |    35 |    38 ||    73
Dodge: Dodged            |    57 |    36 ||    93
Block: Shield            |       |    50 ||    50
